 Dungeon Crawl Stone Soup version 0.18-a0-1041-gbe91bf5 (webtiles) character file.

84 st0uf the Chucker (level 4, -4/45 HPs)
             Began as an Ogre Hunter on Jan 10, 2016.
             Slain by an orc
             ... wielding a +0 whip
              (8 damage)
             ... on level 3 of the Dungeon.
             The game lasted 00:10:24 (2005 turns).

st0uf the Chucker (Ogre Hunter)                     Turns: 2005, Time: 00:10:24

Health: -4/45      AC:  3    Str: 18    XL:     4   Next: 46%
Magic:  4/4        EV: 10    Int: 10    God:
Gold:   128        SH:  0    Dex: 10    Spells: 0 memorised, 3 levels left

rFire  . . .     SeeInvis .     j - +0 club
rCold  . . .     Gourm    .     b - +0 robe
rNeg   . . .     Faith    .     (no shield)
rPois  .         Spirit   .     (helmet restricted)
rElec  .         Dismiss  .     (no cloak)
rCorr  .         Reflect  .     (gloves unavailable)
SustAt .         Harm     .     (boots unavailable)
MR     +....                    (no amulet)
Stlth  +.........               (no ring)
                                k - ring of protection from magic (curse)

@: somewhat resistant to hostile enchantments, very unstealthy
A: unfitting armour, tough skin 1
a: no special abilities


You were on level 3 of the Dungeon.
You were hungry.

You visited 1 branch of the dungeon, and saw 3 of its levels.

You collected 128 gold pieces.

Inventory:

Hand Weapons
 j - a +0 club (weapon)
Missiles
 a - 70 stones (quivered)
 c - 8 large rocks
 d - 2 throwing nets
Armour
 b - a +0 robe (worn)
Jewellery
 k - a cursed ring of protection from magic (left hand)
 t - an uncursed ring of poison resistance {unknown}
Wands
 u - a wand of slowing (14/48)
Scrolls
 e - 2 scrolls of noise {unknown}
 h - a scroll of recharging {unknown}
 i - 3 scrolls of remove curse {unknown}
 l - a scroll of blinking {unknown}
 o - 2 scrolls of identify {unknown}
 p - 2 scrolls of teleportation {unknown}
 r - 2 scrolls of immolation {unknown}
 w - a scroll of magic mapping {unknown}
 y - a scroll of fog {unknown}
Potions
 g - 3 potions of curing {unknown}
 q - a potion of cure mutation {unknown}
 s - a potion of mutation {unknown}
 v - a potion of cancellation {unknown}
 x - a potion of heal wounds {unknown}
 z - a potion of poison {unknown}
 A - a potion of invisibility {unknown}
Comestibles
 f - 3 bread rations
 m - 2 slices of pizza
 n - a meat ration


   Skills:
 + Level 3.1 Fighting
 + Level 5.1 Throwing
 + Level 2.6 Dodging
 - Level 0.7 Stealth


You had 3 spell levels left.
You didn't know any spells.

Dungeon Overview and Level Annotations

Branches:
Dungeon (3/15)

Altars:


Innate Abilities, Weirdness & Mutations

You are too large for most types of armour.
You have tough skin (AC +1).


Message History

You hit the orc.
The orc is lightly wounded.
The orc hits you with a whip.
You closely miss the orc.
The orc is lightly wounded.
The orc hits you with a whip. x2
You barely miss the orc.
The orc is lightly wounded.
The orc hits you with a whip.
* * * LOW HITPOINT WARNING * * *
You closely miss the orc.
The orc is lightly wounded.
The orc hits you with a whip.
* * * LOW HITPOINT WARNING * * *
You closely miss the orc.
The orc is lightly wounded.
The orc hits you with a whip.
* * * LOW HITPOINT WARNING * * *
The orc hits you with a whip!
You die...

............# #.#
..####...P### #.#
..####..P.# #.#
.........8# #.#
.#####....# #.# . ##...##
#.# ##.....## #####.####
##.......## #........##
###.........###.@.....88#
..'.......(.((.)o...8..8#
###.........###.........#
##.......## #.#....8..#
##.....## #.##...#.## #
##...## #........# #
##+## #####.#### # #.# #
#.#


You could see an orc.

Vanquished Creatures
  A hound zombie (D:3)
  A hound skeleton (D:3)
  2 adders (D:2)
  An ooze (D:1)
  A giant gecko (D:2)
  3 orcs
  A giant cockroach (D:1)
  3 hobgoblins
  2 jackals (D:1)
  A quokka (D:2)
  3 bats
  A giant cockroach zombie (D:3)
  A giant newt (D:1)
  4 goblins
  7 kobolds
  2 rats
34 creatures vanquished.

Notes
Turn   | Place    | Note
--------------------------------------------------------------
     0 | D:1      | st0uf the Ogre Hunter began the quest for the Orb.
     0 | D:1      | Reached XP level 1. HP: 22/22 MP: 1/1
   119 | D:1      | Reached XP level 2. HP: 27/29 MP: 2/2
  1151 | D:2      | Reached XP level 3. HP: 36/36 MP: 3/3
  1484 | D:2      | Reached skill level 5 in Throwing
  1873 | D:3      | Reached XP level 4. HP: 43/45 MP: 4/4
  2005 | D:3      | Slain by an orc

Vault maps used:
D:1:      lightli_arrival_maybe_door_vault
D:2:      serial_bayou_pond_a
D:3:      serial_undead, serial_undead_c, serial_undead_e, serial_undead_b,
          serial_undead_c, minmay_misc_feat_hallway, minmay_ogre_servants

Action                   |  1- 3 |  4- 6 || total
-------------------------+-------+-------++-------
Melee: Short sword       |    16 |       ||    16
       Club              |    80 |    28 ||   108
Throw: Stone             |    32 |    22 ||    54
       Large rock        |     4 |       ||     4
 Stab: Sleeping          |     1 |       ||     1
  Eat: Chunk             |     3 |       ||     3
